 Dungeon Crawl Stone Soup version 0.23-a0-310-gdcc7a32 (webtiles) character file.

133 Amnesiac the Ducker (level 4, 18/18 HPs)
             Began as a Felid Earth Elementalist on Oct 13, 2018.
             Was a Follower of Dithmenos.
             Quit the game on level 3 of the Dungeon.
             The game lasted 00:09:17 (4520 turns).

Amnesiac the Ducker (Felid Earth Elementalist)      Turns: 4520, Time: 00:09:18

Health: 18/18      AC:  1    Str:  4    XL:     4   Next: 93%
Magic:  8/8        EV: 20    Int: 16    God:    Dithmenos [*.....]
Gold:   189        SH:  0    Dex: 18    Spells: 1/7 levels left
                                        Lives:  0   Deaths: 1

rFire    . . .     SeeInvis +     - Unarmed
rCold    + . .     Gourm    .   (shield unavailable)
rNeg     . . .     Faith    .   (armour unavailable)
rPois    .         Spirit   .   (helmet unavailable)
rElec    .         Reflect  .   (cloak unavailable)
rCorr    .         Harm     .   (gloves unavailable)
MR       .....                  (boots unavailable)
Stlth    ++++......             (no amulet)
HPRegen  0.06/turn              (no ring)
MPRegen  0.11/turn              (no ring)

@: wreathed by umbra, quick
A: very small, no armour, no weapons or thrown items, stealth, antennae 1, claws
1, fangs 3, see invisible, agile 1, carnivore, cold resistance 1, dopey 1, speed
1, shaggy fur 1, slow metabolism 1, sharp paws
a: Renounce Religion


You were on level 3 of the Dungeon.
You worshipped Dithmenos.
Dithmenos was aware of your devotion.
You were not hungry.

You visited 2 branches of the dungeon, and saw 6 of its levels.

You collected 189 gold pieces.

Inventory:

Missiles
 i - 35 stones
Jewellery
 m - a +1 ring of evasion {unknown}
Scrolls
 d - 3 scrolls of teleportation {!r, unknown}
 f - a scroll of enchant weapon {!r, unknown}
 g - 2 scrolls of remove curse {!r, unknown}
 l - 2 scrolls of magic mapping {!r, unknown}
 o - 2 scrolls of identify {!r, unknown}
 p - 2 scrolls of amnesia {!r, unknown}
Potions
 a - a potion of mutation {!q}
 b - a potion of curing {!q, unknown}
 e - a potion of agility {!q, unknown}
 h - a potion of heal wounds {!q, unknown}
 j - 2 potions of degeneration {!q, unknown}
 n - 2 potions of flight {!q, unknown}
Comestibles
 c - 7 rations
 k - 2 chunks of flesh


   Skills:
 - Level 4.1 Dodging
 + Level 3.8 Stealth
 * Level 3.8 Unarmed Combat
 + Level 2.0 Spellcasting
 + Level 3.0 Transmutations
 + Level 3.0 Earth Magic


You had one spell level left.
You knew the following spells:

 Your Spells              Type           Power        Failure   Level  Hunger
a - Sandblast             Erth           ##....       6%          1    #......
b - Passwall              Tmut/Erth      ##......     9%          2    ###....
e - Stone Arrow           Conj/Erth      #.....       32%         3    ###....

Your spell library contained the following spells:

 Spells                   Type           Power        Failure   Level  Hunger
 Petrify                  Tmut/Erth      ##......     52%         4    #####..
 Lee's Rapid Deconstruct  Erth           ##........   86%         5    ######.


Dungeon Overview and Level Annotations

Branches:
Dungeon (5/15)             Temple (1/1) D:4

Altars:
Cheibriados
Dithmenos
Elyvilon
Fedhas
Hepliaklqana
Kikubaaqudgha
Makhleb
Nemelex Xobeh
Okawaru
Qazlal
Ru
Trog
Uskayaw
Vehumet
Wu Jian
Xom
Yredelemnul
Zin
The Shining One

Annotations:
D:3 Natasha
D:4 Blork the orc


Innate Abilities, Weirdness & Mutations

You cannot wear armour.
You are incapable of wielding weapons or throwing items.
Your paws allow you to move quietly. (Stealth)
You have sharp claws.
You have razor-sharp teeth.
You have supernaturally acute eyesight. (SInv)
You are carnivorous and can eat meat at any time.
You cover ground quickly.
You are covered in fur. (AC +1)
You have a slow metabolism.
Your sharp claws are effective at attacking unaware monsters.
You have a pair of small antennae on your head.
You are agile. (Dex +2)
Your flesh is cold resistant. (rC+)
You are dopey. (Int -2)


Message History

You eat one of the 3 chunks of flesh.
This raw flesh tastes great.
Your magical contamination has completely faded away.
There is an open door here.
You see here 20 poisoned needles.
Magic restored.
There is a stone staircase leading down here.
You climb downwards.
Level annotation: Blork the orc, Natasha Natasha howls an incantation.
Natasha shimmers violently.
Natasha claws you.
There is a stone staircase leading up here.
Adjust (i)tems, (s)pells, or (a)bilities?
Adjust which spell? e - Sandblast Adjust to which letter? a - Sandblast; e - Stone Arrow Natasha claws you.
You climb upwards.
There is a stone staircase leading down here.
Casting: Stone Arrow (safe; 28% risk of failure)
Confirm with . or Enter, or press ? or * to list all spells.
Aiming: Stone Arrow (safe; 28% risk of failure)
Press: ? - help, Shift-Dir - straight line, f - Natasha
Aim: Natasha (umbra)
The stone arrow misses Natasha.
Natasha completely misses you.
Casting: Stone Arrow (safe; 28% risk of failure)
Confirm with . or Enter, or press ? or * to list all spells.
Aiming: Stone Arrow (safe; 28% risk of failure)
Press: ? - help, Shift-Dir - straight line, f/p - Natasha
Aim: Natasha (umbra)
You miscast Stone Arrow.
You are very lightly contaminated with residual magic.
Your hair stands on end.
Natasha claws you!
* * * LOW HITPOINT WARNING * * *
Casting: Stone Arrow (safe; 28% risk of failure)
Confirm with . or Enter, or press ? or * to list all spells.
Aiming: Sandblast (safe; 5% risk of failure)
Press: ? - help, Shift-Dir - straight line, f/p - Natasha
Aim: Natasha (umbra)
The blast of sand hits Natasha.
i - 36 stones Natasha barely misses you.
Casting: Sandblast (safe; 5% risk of failure)
Confirm with . or Enter, or press ? or * to list all spells.
Aiming: Sandblast (safe; 5% risk of failure)
Press: ? - help, Shift-Dir - straight line, f/p - Natasha
Aim: Natasha (umbra)
The blast of sand hits Natasha.
i - 35 stones Natasha closely misses you.
Casting: Sandblast (safe; 5% risk of failure)
Confirm with . or Enter, or press ? or * to list all spells.
You don't have enough magic to cast that spell.
Really quaff
a - 2 black potions {!q}?
It was a potion of mutation {!q}.
You feel extremely strange. A pair of antennae grows on your head!
You feel resistant to cold.
You feel stupid.
You feel agile.
Natasha stares at you and mumbles some strange words.
The magic dart hits you!
You die...
You are now level 4!
You rejoin the land of the living...
Are you sure you want to abandon this character and quit the game? (Confirm

...######.##########.#...(.).####
...# #.# #......(###.♣♣
...######.# ######.......#.♣♣._
........#.### #...##.............
............###..................
###...........+(.......####......
###.......###....(...#####.....
###...........#..................
#...#.......#...@.......###......
#.###.......##..........####.....
#.# #.......##..........##.......
#.# #.......##..........##.######
#.# #.......##..........##.# #.#
#.......##..........##.# #.#
##########..........##'## #.#
#..........#...##### #.#
#..........#...'[...


There were no monsters in sight!

Vanquished Creatures
  2 orc priests (D:3)
  2 orc wizards (D:3)
  A bullfrog skeleton (D:5)
  A worker ant (D:3)
  A hound zombie (D:5)
  2 worms (D:2)
  A dart slug (D:3)
  4 orcs (D:3)
  9 bats
  3 giant cockroaches
  13 hobgoblins
  7 jackals (D:1)
  A quokka (D:2)
  7 frilled lizards
  5 goblins
  4 kobolds
  6 rats
69 creatures vanquished.

Notes
Turn   | Place    | Note
-------+----------+-------------------------------------------
     0 | D:1      | Amnesiac the Felid Earth Elementalist began the quest for
                  | the Orb.
     0 | D:1      | Reached XP level 1. HP: 7/7 MP: 4/4
   341 | D:1      | Reached XP level 2. HP: 8/11 MP: 0/6
   438 | D:1      | Learned a level 2 spell: Passwall
   552 | D:2      | Reached skill level 1 in Unarmed Combat
   910 | D:5      | Entered Level 5 of the Dungeon
   910 | D:5      | Found a sparkling altar of Nemelex Xobeh.
  1028 | D:3      | Reached XP level 3. HP: 9/14 MP: 4/7
  1217 | D:5      | Reached XP level 4. HP: 7/18 MP: 3/8
  1222 | D:5      | Learned a level 3 spell: Stone Arrow
  1522 | D:4      | Noticed a phantom
  1526 | D:4      | Found a staircase to the Ecumenical Temple.
  1535 | Temple   | Entered the Ecumenical Temple
  1763 | Temple   | Became a worshipper of Dithmenos the Shadowed
  1849 | D:4      | Noticed Blork the orc
  2373 | D:1      | Reached * piety under Dithmenos
  2982 | D:2      | Reached skill level 3 in Dodging
  3036 | D:2      | Found a sacrificial altar of Ru.
  3419 | D:2      | Reached XP level 5. HP: 21/21 MP: 9/9
  3696 | D:3      | Found a glowing silver altar of Zin.
  3820 | D:3      | Reached skill level 4 in Dodging
  4029 | D:3      | HP: 1/21 [orc (5)]
  4059 | D:4      | Noticed Natasha
  4433 | D:4      | Noticed a phantom
  4519 | D:3      | Gained mutation: You have a pair of small antennae on your
                  | head. [potion of mutation]
  4519 | D:3      | Gained mutation: Your flesh is cold resistant. (rC+)
                  | [potion of mutation]
  4519 | D:3      | Gained mutation: You are dopey. (Int -2) [potion of
                  | mutation]
  4519 | D:3      | Gained mutation: You are agile. (Dex +2) [potion of
                  | mutation]
  4519 | D:3      | Killed from afar by Natasha
  4520 | D:3      | Reached XP level 4. HP: -3/18 MP: 0/8
  4520 | D:3      | Quit the game

Vault maps used:
D:1:      dpeg_arrival_radiant
D:2:      lemuel_round_altar
D:3:      zin_academy, first_ration, kennysheep_potato
D:4:      nicolae_gozag_seed_capital, tgw_sif, minmay_temple_entry_poolview,
          uniq_natasha
D:5:      lemuel_crystal_altar
Temple:   eino_temple_scatter_basement

Skill      XL: |  1  2  3  4  5 |
---------------+----------------+-----
Stealth        | 3 |  3.8
Earth Magic    | 3 |  3.0
Unarmed Combat | 2 3 |  3.8
Transmutations | 2 3 |  3.0
Dodging        | 3 4 |  4.1
Spellcasting   | |  2.0

Action                   |  1- 3 |  4- 6 || total
-------------------------+-------+-------++-------
Melee: Unarmed           |    31 |    98 ||   129
       Bite              |     1 |     7 ||     8
 Cast: Sandblast         |    30 |    23 ||    53
       Stone Arrow       |       |    18 ||    18
       Passwall          |       |     3 ||     3
  Use: Potion            |       |     1 ||     1
 Stab: Sleeping          |     2 |    11 ||    13
  Eat: Chunk             |     7 |    11 ||    18
Armor: Skin              |     1 |     4 ||     5
Dodge: Dodged            |    47 |   102 ||   149

Table legend:
 A = Non-vault XP
 B = Vault XP
 C = Vault XP percentage of total XP
 D = Non-vault monster count
 E = Vault monster count
 F = Vault count percentage of total count
                 A         B        C        D         E       F
            +---------+---------+-------+---------+---------+-------
      Total |     370 |       0 |   0.0 |      69 |       0 |   0.0
            +---------+---------+-------+---------+---------+-------
        D:1 |      64 |       0 |   0.0 |      38 |       0 |   0.0
        D:2 |      32 |       0 |   0.0 |      16 |       0 |   0.0
        D:3 |     213 |       0 |   0.0 |      13 |       0 |   0.0
        D:5 |      61 |       0 |   0.0 |       2 |       0 |   0.0
            +---------+---------+-------+---------+---------+-------
